 Dungeon Crawl Stone Soup version 0.29.1-12-g30fa7ad0bf (webtiles) character file.

Game seed: 15505780431363053806

9942 concernfroge the Basher (level 11, -18/90 HPs)
             Began as a Mummy Monk on Dec 19, 2022.
             Was an Initiate of Gozag.
             Killed by an exploding four-headed hydra (29 damage)
             ... ignited by their inner flame
             ... on level 2 of the Lair of Beasts.
             The game lasted 00:37:24 (12675 turns).

concernfroge the Basher (Mummy Monk)               Turns: 12675, Time: 00:37:25

Health: -18/90     AC: 15    Str: 25    XL:     11   Next: 29%
Magic:  11/11      EV:  7    Int: 13    God:    Gozag
Gold:   1177       SH:  5    Dex: 14    Spells: 10/10 levels left

rFire   . . .      SeeInvis .   a - +9 mace "Hoijifampa" {vamp, Int+3}
rCold   + + .      Faith    .   t - +2 buckler {reflect}
rNeg    + + +      Spirit   .   e - +0 plate armour
rPois   ∞          Reflect  +   f - +0 helmet
rElec   .          Harm     .   j - scarf {rC+ rF+}
rCorr   .          Rampage  .   l - +0 pair of gloves
Will    ++...                   q - +2 pair of boots
Stlth   ..........              (no amulet)
HPRegen 0.25/turn               o - +6 ring of strength
MPRegen 0.12/turn               p - ring of willpower

@: marked, gold aura
A: cold resistance 1, negative energy resistance 3, torment resistance 2, heat
vulnerability 1, in touch with death 1, no potions
a: Renounce Religion, Potion Petition, Call Merchant, Bribe Branch


You were on level 2 of the Lair of Beasts.
You worshipped Gozag.
Gozag was most pleased with you.
You visited 3 branches of the dungeon, and saw 13 of its levels.

You collected 1638 gold pieces.
You spent 461 gold pieces at shops.

Inventory:

Hand Weapons
 a - the +9 mace "Hoijifampa" (weapon) {vamp, Int+3}
   (You found it on level 4 of the Dungeon)

   It occasionally heals its wielder for a portion of the damage dealt when it
   wounds a living foe.
   Int:       It affects your intelligence (+3).
Missiles
 b - a javelin
 d - 5 boomerangs (quivered)
 h - 26 stones
 w - a boomerang of dispersal
Armour
 e - a +0 plate armour (worn)
 f - a +0 helmet (worn)
 j - a scarf of resistance (worn)
 l - a +0 pair of gloves (worn)
 q - a +2 pair of boots (worn)
 t - a +2 buckler of reflection (worn)
 z - a scarf of repulsion
Jewellery
 o - a +6 ring of strength (left hand)
 p - a ring of willpower (right hand)
 u - a +4 ring of evasion
 A - a ring of see invisible
Scrolls
 c - 5 scrolls of identify
 g - 3 scrolls of amnesia
 n - 2 scrolls of silence
 r - 2 scrolls of vulnerability
 s - a scroll of immolation
 y - 5 scrolls of enchant weapon


   Skills:
 - Level 10.0 Fighting
 + Level 12.7 Maces & Flails
 - Level 2.4 Polearms
 - Level 2.4 Dodging
 - Level 1.5 Stealth


You had 10 spell levels left.
You didn't know any spells.
Your spell library contained the following spells:

 Spells                   Type           Power      Damage    Failure   Level
 Freeze                   Ice            0%         1d3       100%        1
 Frozen Ramparts          Ice            0%         1d1       100%        3
 Hailstorm                Conj/Ice       0%         3d3       100%        4


Dungeon Overview and Level Annotations

Branches:
Dungeon (10/15)            Temple (1/1) D:5            Lair (2/5) D:10
  Swamp: Lair:2-3    Shoals: Lair:2-3     Snake: Lair:2-3    Spider: Lair:2-3
    Orc: D:9-12

Altars:
Ashenzari
Cheibriados
Dithmenos
Fedhas
Gozag
Hepliaklqana
Kikubaaqudgha
Makhleb
Nemelex Xobeh
Okawaru
Qazlal
Ru
Trog
Uskayaw
Wu Jian
Xom
Yredelemnul

Shops:
D:2 [   D:4 :

Annotations:
D:9 Maggie
D:10 Sonja
Lair:2 Harold


Innate Abilities, Weirdness & Mutations

You are immune to poison.
Your flesh is cold resistant. (rC+)
You are immune to negative energy. (rN+++)
You are immune to unholy pain and torment.
You are vulnerable to heat. (rF-)
You are in touch with the powers of death.
You do not drink.


Message History

The four-headed hydra is heavily wounded.
You sock the four-headed hydra!
You feel better.
The four-headed hydra is severely wounded.
You block the four-headed hydra's attack.
The four-headed hydra barely misses you.
You block the four-headed hydra's attack.
The four-headed hydra bites you.
Really read the scroll of immolation?
As you read the scroll of immolation, it crumbles to dust.
The creatures around you are filled with an inner flame!
The four-headed hydra bites you! x2; The four-headed hydra bites you.
The four-headed hydra bites you but does no damage.
You sock the four-headed hydra!
Flame seeps out of the four-headed hydra.
The four-headed hydra is almost dead.
The four-headed hydra is engulfed in blazing flames.
The four-headed hydra explodes!
The fiery explosion engulfs the swamp worm!!
Flame seeps out of the swamp worm.
The swamp worm is heavily wounded.
The fiery explosion engulfs the swamp worm!!!
The tree burns like a torch!
The fiery explosion engulfs the four-headed hydra!!!
Flame seeps out of the four-headed hydra.
The four-headed hydra is severely wounded.
The fiery explosion engulfs you!!
* * * LOW HITPOINT WARNING * * *
The fiery explosion engulfs the cane toad!!
Flame seeps out of the cane toad.
The cane toad is heavily wounded.
The swamp worm explodes!
The fiery explosion engulfs the swamp worm!!
You hear a splash.
The fiery explosion engulfs the four-headed hydra!!
You hear a splash. x3
The four-headed hydra explodes!
The fiery explosion engulfs the cane toad!!
The tree burns like a torch!
The fiery explosion engulfs you!!
You die...
Your body crumbles into a pile of gold.

♣§§§§.♣♣
♣♣♣♣.$.♣♣
♣♣≈~~≈...♣
♣≈≈≈≈~$~♣♣♣
♣≈≈~~$§§§§♣#
♣≈≈~~$§§○§§♣
♣♣♣♣♣♣§§§§§
.....§§○§#
.#.#####@#
###


There were no monsters in sight!

Vanquished Creatures
  2 hydras (Lair:2)
  A two-headed ogre (D:8)
  A death yak (D:8)
  3 cane toads
  2 komodo dragons
  A troll (D:9)
  2 polar bears
  A hornet (D:9)
  Sigmund (D:5)
  A wraith (D:9)
  6 yaks
  3 wyverns
  A basilisk (Lair:1)
  Menkaure (D:6)
  2 swamp worms (Lair:2)
  7 water moccasins
  2 acid dragons
  2 orc warriors
  A black bear (D:5)
  An ice beast (D:8)
  A sky beast (D:8)
  An ogre (D:5)
  A wolf (D:8)
  4 centaurs
  6 bullfrogs
  3 gnoll sergeants
  A scorpion (D:5)
  A jelly (D:6)
  11 wights
  A hornet simulacrum (D:8)
  10 killer bees
  4 crimson imps (D:7)
  2 howler monkeys (D:6)
  3 hounds
  A gnoll bouda (D:10)
  4 orc priests
  10 iguanas
  Ijyb (D:5)
  6 orc wizards
  18 gnolls
  11 adders
  9 white imps
  4 worms
  2 dart slugs (D:4)
  18 orcs
  10 bats
  9 endoplasms
  6 giant cockroaches
  4 hobgoblins
  2 jackals (D:3)
  A quokka (D:1)
  6 ball pythons
  3 frilled lizards
  8 goblins
  7 kobolds
  7 rats
237 creatures vanquished.

Vanquished Creatures (collateral kills)
  An ogre (D:5)
1 creature vanquished.

Vanquished Creatures (others)
  An orc wizard (D:7)
  3 fungi (Lair:2)
  20 plants
24 creatures vanquished.

Grand Total: 262 creatures vanquished

Notes
Turn   | Place    | Note
-------+----------+-------------------------------------------
     0 | D:1      | concernfroge the Mummy Monk began the quest for the Orb.
     0 | D:1      | Reached XP level 1. HP: 18/18 MP: 1/1
   369 | D:1      | Reached XP level 2. HP: 24/24 MP: 2/2
   803 | D:1      | Gained mutation: You are in touch with the powers of death.
                  | [Mummy growth]
   803 | D:1      | Reached XP level 3. HP: 18/30 MP: 3/3
  1684 | D:2      | Found Ena Vit's Armour Emporium.
  1904 | D:2      | Reached skill level 5 in Fighting
  1904 | D:2      | Reached XP level 4. HP: 39/39 MP: 4/4
  2363 | D:2      | Bought a +1 pair of boots for 126 gold pieces
  2732 | D:3      | Noticed a necrophage
  3443 | D:4      | Reached XP level 5. HP: 39/46 MP: 5/5
  4074 | D:4      | Found Kerhes's Vocational Training.
  4087 | D:4      | Identified the +9 mace "Hoijifampa" {vamp, Int+3}
  4228 | D:5      | Entered Level 5 of the Dungeon
  4228 | D:5      | Noticed Ijyb
  4232 | D:5      | Paralysed by Ijyb for 4 turns
  4236 | D:5      | Killed Ijyb
  4317 | D:5      | Noticed a black bear
  4326 | D:5      | Noticed an ogre
  4343 | D:5      | Killed an ogre
  4344 | D:5      | Reached XP level 6. HP: 53/55 MP: 6/6
  4414 | D:5      | Found a shadowy altar of Dithmenos.
  4935 | D:5      | Noticed Sigmund
  4944 | D:5      | Reached XP level 7. HP: 59/62 MP: 7/7
  4948 | D:5      | Killed Sigmund
  5288 | D:5      | Found a staircase to the Ecumenical Temple.
  5297 | Temple   | Entered the Ecumenical Temple
  5445 | Temple   | Became a worshipper of Gozag Ym Sagoz the Greedy
  5514 | D:6      | Noticed Menkaure
  5518 | D:6      | Killed Menkaure
  5519 | D:6      | Reached skill level 10 in Fighting
  5519 | D:6      | Reached XP level 8. HP: 72/72 MP: 8/8
  5521 | D:6      | Reached skill level 1 in Maces & Flails
  5628 | D:6      | Reached skill level 2 in Maces & Flails
  6176 | D:6      | Reached skill level 3 in Maces & Flails
  6726 | D:7      | Reached skill level 4 in Maces & Flails
  6847 | D:7      | Found a shimmering altar of Xom.
  7355 | D:7      | Reached skill level 5 in Maces & Flails
  7972 | D:7      | Reached XP level 9. HP: 31/78 MP: 9/9
  8262 | D:8      | Reached skill level 6 in Maces & Flails
  8339 | D:8      | Noticed a two-headed ogre
  8352 | D:8      | Reached skill level 7 in Maces & Flails
  8432 | D:8      | Killed a two-headed ogre
  8433 | D:8      | Reached skill level 8 in Maces & Flails
  8676 | D:8      | Reached skill level 9 in Maces & Flails
  8810 | D:8      | Reached XP level 10. HP: 71/85 MP: 10/10
  8960 | D:8      | Noticed a death yak
  9129 | D:8      | Killed a death yak
  9455 | D:8      | Reached skill level 10 in Maces & Flails
  9998 | D:2      | Bought a +2 buckler of reflection for 203 gold pieces
  9998 | D:2      | Bought a scarf of repulsion for 132 gold pieces
 10745 | D:9      | Reached skill level 11 in Maces & Flails
 10884 | D:9      | Noticed Maggie
 10940 | D:10     | Entered Level 10 of the Dungeon
 11562 | D:10     | Found a broken altar of Ashenzari.
 11702 | D:10     | Found a staircase to the Lair.
 11703 | D:10     | Noticed a two-headed ogre
 11853 | Lair:1   | Entered Level 1 of the Lair of Beasts
 11853 | Lair:1   | Noticed Sonja
 11950 | Lair:1   | Reached XP level 11. HP: 31/90 MP: 11/11
 12035 | Lair:1   | HP: 2/90 [polar bear (18)]
 12037 | Lair:1   | Reached skill level 12 in Maces & Flails
 12653 | Lair:2   | Noticed Harold
 12660 | Lair:2   | Noticed a four-headed hydra
 12660 | Lair:2   | Noticed a four-headed hydra
 12675 | Lair:2   | Killed a four-headed hydra
 12675 | Lair:2   | Killed a four-headed hydra
 12675 | Lair:2   | Killed by an exploding four-headed hydra... ignited by
                  | their inner flame

Illustrated notes

Levels and vault maps discovered:
D:1:      scummos_arrival_hexagon, layout_loops_corners
D:2:      layout_loops_ring, serial_shops, nicolae_shop_hallway_plus,
          minmay_tetromino_o2
D:3:      layout_basic
D:4:      layout_rooms, nicolae_shop_vocational
D:5:      layout_gridville, overflow_temple_1_default, lemuel_temple_firewalk_a,
          uniq_ijyb, uniq_sigmund
D:6:      layout_basic, uniq_menkaure
D:7:      layout_basic, led_xom_imps, nicolae_overflow_hidden_temple,
          serial_co_window_serial, co_window_paths_a, co_window_paths_a,
          co_window_corner_a, co_window_corner_a, co_window_corner_a,
          co_window_unsneaky_path_c, co_window_of_opportunity_c,
          co_window_paths_c, co_window_broadway_a, co_window_2corner,
          co_window_2corner, glass_columns_a, glass_columns_c
D:8:      minmay_angry_zag, layout_cave_pods, overflow_temple_1_default,
          serial_ice, serial_ice_a, serial_ice_b, serial_ice_o, serial_ice_m
D:9:      layout_loops_ring, uniq_maggie
D:10:     layout_stronghold, mainiacjoe_overflow_six_doors_small,
          david_lair_shrubbed
Temple:   nicolae_temple_elliptical
Lair:1:   beast_lair_carwin_large_4, layout_hall_layers, st_stairs_5, uniq_sonja
Lair:2:   layout_loops_ring, palyth_hydra_swamp_entry, serial_bayou_shore_b,
          infiniplex_staircase_pool, uniq_gastronok, uniq_harold

Skill      XL: |  1  2  3  4  5  6  7  8  9 10 11 |
---------------+----------------------------------+-----
Fighting       | 4 5 7 8 10 | 10.0
Maces & Flails | 5 9 11 12 | 12.7
Polearms       | |  2.4
Dodging        | |  2.4
Stealth        | |  1.5

Action                   |  1- 3 |  4- 6 |  7- 9 | 10-12 || total
-------------------------+-------+-------+-------+-------++-------
Melee: Quarterstaff      |   107 |   124 |       |       ||   231
       Mace              |       |    33 |   221 |   298 ||   552
       Punch             |       |       |     6 |       ||     6
Throw: Stone             |       |     4 |    38 |     2 ||    44
       Javelin           |       |     1 |    10 |    10 ||    21
       Boomerang         |       |       |       |    34 ||    34
       Throwing net      |       |       |       |     1 ||     1
Evoke: Wand              |       |     1 |     6 |     5 ||    12
  Use: Scroll            |       |     1 |    13 |    12 ||    26
 Stab: Sleeping          |     7 |     2 |       |       ||     9
       Paralysed         |       |       |     7 |       ||     7
       Distracted        |       |       |       |     1 ||     1
Armor: Robe              |    17 |    28 |       |       ||    45
       Scale mail        |       |    37 |    53 |       ||    90
       Leather armour    |       |       |    20 |       ||    20
       Plate armour      |       |       |    53 |   141 ||   194
Dodge: Dodged            |    75 |    89 |   118 |    78 ||   360
Block: Buckler           |       |       |       |    69 ||    69
       Reflection        |       |       |       |     3 ||     3
